[Event "ChessKid Cup Div-II 2023"]
[Site "Online"]
[Date "2023.05.22"]
[Round "1.3"]
[White "Bharath Subramaniyam H"]
[Black "Le, Quang Liem"]
[Result "0-1"]
[ECO "D48"]
[WhiteElo "2517"]
[BlackElo "2728"]
[Annotator "TA"]
[PlyCount "102"]
[EventDate "2023.05.21"]
[EventType "k.o."]
[EventCountry "NET"]
[SourceTitle "playchess.com"]
[Source "ChessBase"]
[SourceQuality "1"]
[TimeControl "900+3"]

1. c4 c5 2. Nf3 Nf6 3. e3 e6 4. Nc3 d5 5. d4 a6 6. a3 dxc4 7. Bxc4 b5 8. Bd3 Nbd7 9. O-O Bb7 {[%emt 0:00:03] D48: Semi-Slav: Meran System: 7...b5 8 Bd3 a6.} 10. Bc2 Rc8 11. Qe2 {[%emt 0:00:24] [#]} Bd6 $5 $146 {[%emt 0:01:04][%mdl 8] The position is equal. New and interesting.} ({Predecessor:} 11... Qc7 12. dxc5 Bxc5 13. e4 Bd6 14. Rd1 h6 15. h3 O-O 16. Bd2 Rfd8 17. Rac1 Qb8 {0-1 Kreken,E (2192)-Stefansson,V (2466) Kragero op 2023 (3)}) 12. Rd1 Qc7 13. dxc5 Bxc5 14. Bd2 O-O 15. Rac1 Qb8 16. h3 Rfd8 17. e4 h6 18. Be3 {[%emt 0:00:31] [#] Black keeps a firm grip on the game.} (18. Kh1 $15) 18... Bxa3 $1 $17 {[%emt 0:00:59][%mdl 64] Deflection} 19. bxa3 {[%emt 0:01:59] Qe1 would be deadly.} Rxc3 20. Qd2 (20. Bd4 $17 {is a better defense.} Rxa3 21. Qd2) 20... Rdc8 $19 (20... Rxa3 21. Bf4 Qa8 22. Qb4 $15) (20... Nxe4 21. Bxe4 Rxc1 22. Rxc1 Bxe4 23. Bf4 $17) 21. Bd4 (21. Ne1 $17) 21... Nxe4 (21... Rxa3 22. Qb4 Ra2 23. Bb3 Rxc1 24. Rxc1 $17) 22. Qe2 {[%emt 0:00:20] [#]} (22. Bxe4 $142 Rxc1 23. Rxc1 Rxc1+ 24. Qxc1 Bxe4 25. Qe3 Bxf3 26. Qxf3) 22... Ndf6 $1 23. Ne1 (23. Re1 R3c4) 23... R3c4 (23... Rxa3 $2 {loses.} 24. Bxe4 Nxe4 25. Qb2 Rxc1 26. Rxc1 $17) 24. Qe3 Qc7 25. Bxe4 Nxe4 ({Worse is} 25... Rxc1 26. Rxc1 Qxc1 27. Bxb7 Qxe3 28. Bxe3 $11) 26. Rxc4 bxc4 27. f3 Ng3 {[%emt 0:00:05] Hoping for ...Nf5.} 28. Be5 Nf5 $1 29. Qc3 (29. Bxc7 Nxe3 30. Rd8+ Rxd8 31. Bxd8) 29... Qc5+ 30. Kh1 f6 31. Bh2 Bd5 32. Nc2 h5 33. Bf4 e5 34. Bh2 Be6 35. Bg1 Qc7 36. Bf2 Rd8 37. Re1 (37. Rxd8+ Qxd8 38. Ne3) 37... Rd3 38. Qb4 a5 39. Qb5 Bd7 {[%emt 0:00:01][%cal Be6d7,Bd7e8,Be8g6,Bg6f5][%mdl 32] Wards off Qe8+} 40. Qb1 Rd2 41. Kg1 (41. Ne3 $142 Nd4 42. Nd5) 41... c3 42. Qb3+ Kh7 43. Rc1 Qc6 {[%emt 0:00:25][%cal Od2f2] ...Rxf2! is the strong threat.} 44. Qf7 Be8 45. Qa7 Bg6 {[%emt 0:00:20] Strongly threatening ...Qb5.} 46. Be1 Qa4 47. Ne3 Qxa3 48. Nxf5 Bxf5 {[%emt 0:00:00] Black mates.} ({Don't do} 48... Qxc1 49. Qxg7#) 49. Bxd2 cxd2 50. Rf1 Qd3 51. Rd1 Qe2 {[%emt 0:00:03] An entertaining game by Le.   Weighted Error Value: White=0.73/Black=0.41} 0-1

[Event "ChessKid Cup Div-II 2023"]
[Site "Online"]
[Date "2023.05.22"]
[Round "1.4"]
[White "Mamedyarov, Shakhriyar"]
[Black "Fedoseev, Vladimir"]
[Result "1/2-1/2"]
[ECO "D14"]
[WhiteElo "2738"]
[BlackElo "2680"]
[Annotator "TA"]
[PlyCount "98"]
[EventDate "2023.05.21"]
[EventType "k.o."]
[EventCountry "NET"]
[SourceTitle "playchess.com"]
[Source "ChessBase"]
[SourceQuality "1"]
[TimeControl "900+3"]

1. d4 d5 2. c4 c6 3. cxd5 cxd5 4. Nc3 Nf6 5. Bf4 Nc6 6. e3 Bf5 7. Bb5 e6 8. Nf3 Bb4 9. Ne5 $1 Qa5 {[%emt 0:00:54] D14: Slav Defence: Exchange variation with ...Bf5.} 10. Bxc6+ bxc6 11. O-O Bxc3 {[%emt 0:01:06] White is slightly better.} 12. bxc3 Qa6 13. g4 Bg6 14. h4 Nd7 15. h5 {[%emt 0:01:13] [#] Nxd7 would be deadly.} Nxe5 16. Bxe5 f6 $1 {[%emt 0:00:15] [#]} 17. Bxf6 $146 ({Predecessor:} 17. hxg6 fxe5 18. gxh7 Rxh7 19. Kg2 O-O-O 20. Qf3 Rdh8 21. Rh1 e4 22. Qf7 Rxh1 23. Rxh1 Rxh1 24. Kxh1 Qxa2 {0-1 Levit,R-Zakharian,V URS-chT Republics 13th final C 1975 (5)}) 17... gxf6 18. hxg6 {[%emt 0:00:02] Qf3 is the strong threat.} hxg6 19. Kg2 Kf7 20. Rh1 Rxh1 21. Qxh1 $14 {[%emt 0:00:00][%mdl 4096] Endgame White wants to mate with Qh7+. KQR-KQR} Kg7 {[%emt 0:00:02] Repels Qh7+} (21... Rg8 $16) 22. Qh2 $18 Qe2 23. Qg3 {[%emt 0:02:46] aiming for Rh1.} ({Stronger than} 23. Rh1 Qxg4+ 24. Kf1 Qd1+ 25. Kg2 Qg4+ 26. Kf1 Qd1+ 27. Kg2 Qg4+ $11) 23... Rf8 (23... g5 $142) 24. Rh1 f5 25. g5 {[%emt 0:01:15] Qc7+ would kill now.} f4 26. Qh3 (26. exf4 Qe4+ 27. f3 Qe2+ 28. Qf2 Qxf2+ 29. Kxf2 Rb8 $14) 26... Qh5 {[%emt 0:00:23] Inhibits Qh7+.} 27. Qxh5 (27. Qxe6 f3+ 28. Kg3 Qxh1 $19) 27... gxh5 {[%emt 0:00:02] [#]} 28. Rxh5 $2 (28. exf4 $1 $18 {Threatens to win with Kf3.} Kg6 29. Kf3) 28... fxe3 $1 $11 {[%emt 0:00:03] The position is equal.} 29. fxe3 $18 {[%emt 0:00:00] KR-KR} Kg6 30. Rh6+ Kf5 $1 31. Kg3 Rg8 32. Rf6+ Kxg5 33. Rf7 a5 34. Rc7 Kf6+ 35. Kf3 Rg1 36. Rxc6 {[%emt 0:00:04] Strongly threatening c4.} Ra1 37. c4 dxc4 38. Ke4 {[%emt 0:00:00] Black must now prevent d5.} c3 $1 39. d5 Kf7 ({Weaker is} 39... Rxa2 40. Rxe6+ Kf7 41. Rc6 $16) 40. dxe6+ (40. d6 $5 Rd1 41. Rxc3 Rxd6 42. Rc5 $16) 40... Kf6 41. Rxc3 Rxa2 42. Rc6 a4 43. Ra6 a3 44. Kd3 Ra1 45. Kc2 a2 46. Kb2 Re1 47. Rxa2 Rxe3 48. Ra6 Rxe6 49. Rxe6+ Kxe6 {[%emt 0:00:00] White really could win this.   Weighted Error Value: White=0.14 (very precise) /Black=0.10 (very precise)} 1/2-1/2

[Event "ChessKid Cup Div-II 2023"]
[Site "Online"]
[Date "2023.05.22"]
[Round "1.4"]
[White "Alekseenko, Kirill"]
[Black "Meier, Georg"]
[Result "1/2-1/2"]
[ECO "A45"]
[WhiteElo "2686"]
[BlackElo "2614"]
[Annotator "TA"]
[PlyCount "71"]
[EventDate "2023.05.21"]
[EventType "k.o."]
[EventCountry "NET"]
[SourceTitle "playchess.com"]
[Source "ChessBase"]
[SourceQuality "1"]
[TimeControl "900+3"]

1. d4 e6 2. Bf4 (2. Nc3 d5 3. Bf4 Bd6 4. e3 Nf6 5. Nf3 Bxf4 6. exf4 O-O 7. Bd3 b6 8. Ne5 Ba6 9. Bxa6 Nxa6 10. Qe2 Qc8 11. O-O c5 12. Rad1 Nb4 13. a3 Nc6 14. Nxc6 Qxc6 {0-1 Alekseenko,K (2686)-Meier,G (2614) ChessKid Cup Play In blitz 2023 (9)}) 2... Nf6 3. e3 b6 4. Qf3 Nc6 5. Nc3 Bb4 6. Nge2 {[%emt 0:00:17] A45: Trompowsky Attack.} Nd5 7. a3 Bxc3+ 8. Nxc3 {[%emt 0:00:03] [#] White is slightly better.} Nxc3 $146 ({Predecessor:} 8... Nxf4 9. Qxf4 Bb7 10. O-O-O Ne7 11. e4 O-O 12. h4 f5 13. e5 a6 14. h5 b5 {1-0 Bartel,M (2613)-Zysk,R (2400) Bundesliga 1718 2017 (12.4)}) 9. bxc3 O-O 10. Bd3 Bb7 11. Qg3 Ne7 12. Bxc7 Qc8 13. O-O {[%emt 0:00:45] Hoping for Bd6. Black is weak on the dark squares} Re8 14. c4 $40 {[%emt 0:01:08][%mdl 128] Black needs to defend precisely.} Ba6 15. Rfb1 f6 16. e4 {[%emt 0:01:32] White has more active pieces.} Nc6 17. d5 Ne7 (17... e5 $16) 18. Rb4 $18 e5 19. Bd6 Ng6 20. a4 Nh8 21. Rb3 $1 Nf7 22. Bb4 Qc7 23. h4 Rec8 24. Rc3 Qb7 25. Be2 {[%emt 0:00:33] And now Be7 would win.} Rc7 $2 (25... d6 26. Qg4 Kh8) 26. Be7 Kh8 27. d6 (27. Bxf6 $142 Rg8 28. Bxe5 Nxe5 29. Qxe5) 27... Rc5 (27... Rc6 {was necessary.} 28. Rd1 Nh6) 28. Bh5 {[%emt 0:00:21] Bxf6 would be deadly.} Nh6 29. Rf3 {[%emt 0:00:10][%cal Og3g7] Intending Qxg7+! and mate.} Ng8 $2 (29... Qxe4 30. Rxf6 Nf5) 30. Qg4 {[%emt 0:00:01] Rg3 would kill now.} Nh6 {[%emt 0:00:02] [#]} 31. Qxg7+ $3 {[%emt 0:00:32][%mdl 576] Decoy} Kxg7 32. Bxf6+ Kf8 33. Be7+ $2 {[%emt 0:00:22] A strong pair of Bishops.} (33. Rg3 Nf5 34. exf5 Qxg2+ 35. Rxg2 Re8 36. Bg7+ {[%mdl 64] Deflection} Kg8 37. Bh6+ Kh8 38. Bf7 Bxc4 39. Bg7#) 33... Kg7 {[%emt 0:00:02][%cal Oh6g8] aiming for ...Ng8!} 34. Bf6+ $2 (34. Rg3+ $18 Ng4 35. Bxg4 Bxc4 36. Bxd7+ Kf7 37. Rf3+ Kg7 38. Rg3+ Kf7 39. Rf3+ Kg7 40. Rg3+) 34... Kf8 {[%emt 0:00:05] [#]} 35. Be7+ $2 (35. Rg3 $1 {mates} Nf5 36. exf5 Qxg2+ 37. Rxg2 Re8 38. Bg7+ {[%mdl 64] Deflection} Kg8 39. Bh6+ Kh8 40. Bf7 Bxc4 41. Bg7#) 35... Kg7 $1 {[%emt 0:00:01][%cal Oh6g8] Strongly threatening ...Ng8!} 36. Bf6+ $2 {[%emt 0:00:01] A brilliant game!   Weighted Error Value: White=0.49/Black=0.34} ({White has to play} 36. Rg3+ $18 Ng4 37. Bxg4 Bxc4 38. Bxd7+ Kf7 39. Rf3+ Kg7 40. Rg3+ Kf7 41. Rf3+ Kg7 42. Rg3+) 1/2-1/2

[Event "ChessKid Cup Div-II 2023"]
[Site "Online"]
[Date "2023.05.22"]
[Round "1.4"]
[White "Nguyen, Ngoc Truong Son"]
[Black "Andreikin, Dmitry"]
[Result "1-0"]
[ECO "D36"]
[WhiteElo "2645"]
[BlackElo "2729"]
[Annotator "TA"]
[PlyCount "67"]
[EventDate "2023.05.21"]
[EventType "k.o."]
[EventCountry "NET"]
[SourceTitle "playchess.com"]
[Source "ChessBase"]
[SourceQuality "1"]
[TimeControl "900+3"]

1. d4 Nf6 2. c4 e6 3. Nc3 d5 4. cxd5 exd5 5. Bg5 c6 6. Qc2 Na6 7. a3 Nc7 8. e3 Bg4 {[%emt 0:00:12][%cal Bc8g4,Bg4h5,Bh5g6][%mdl 32] D36: Queen's Gambit Declined: Exchange Variation: Main line (5 Bg5 c6 6 Qc2).} 9. Bd3 Ne6 10. Bh4 {[%emt 0:00:38] [#]} Be7 $146 {[%emt 0:00:17] White is slightly better.} ({Predecessor:} 10... Bh5 11. f4 g5 12. fxg5 Ng4 13. Nf3 Be7 14. Qe2 Nxg5 15. O-O-O Nxf3 16. Bxe7 Qxe7 17. gxf3 {0-1 Hedin,G (2220)-Engstrom,K (2299) SWE-chT 9899 1998 (8)}) 11. h3 {[%emt 0:00:25] Strongly threatening Bxf6.} Bh5 12. f4 $1 g5 13. fxg5 (13. Bxg5 $16 Nxg5 14. fxg5) 13... Nd7 $11 14. g4 Bg6 15. Nf3 Nxg5 16. Bxg5 Bxg5 17. O-O-O Be7 (17... Bxe3+ $11 {remains equal.} 18. Kb1 O-O) 18. e4 {[%emt 0:00:37] White is more active.} dxe4 19. Bxe4 Qc7 20. Rhe1 Nf6 {[%emt 0:02:49] Wards off Nd5. This move loses the game for Black.} (20... Nb6 $16) 21. Bxg6 $1 $18 hxg6 {[%emt 0:00:01] [#]} 22. g5 $1 Qf4+ {[%emt 0:01:15] [#]} 23. Kb1 $1 Qxf3 (23... Nh5 $142 24. Ne5 Qf5 25. Qxf5 gxf5) 24. Rd3 Qxd3 (24... Qf4) 25. Rxe7+ {[%emt 0:00:14] White is clearly winning.} Kxe7 26. gxf6+ ({Not} 26. Qxd3 Ne8 $16) 26... Kxf6 27. Qxd3 Rae8 28. d5 Rh4 29. d6 Rd8 30. Qe3 {[%emt 0:00:24] Hoping for Qe7+.} Rd7 {[%emt 0:00:09] Inhibits Qe7+.} 31. Qf2+ Kg5 32. Qg3+ Kh5 33. Qe5+ g5 {[%emt 0:00:01] [#]} 34. Qe7 $3 {[%emt 0:00:21][%mdl 576] Promotion. A cool game by Nguyen.   Weighted Error Value: White=0.32/Black=0.65} 1-0

[Event "ChessKid Cup Div-II 2023"]
[Site "Online"]
[Date "2023.05.22"]
[Round "1.4"]
[White "Kravtsiv, Martyn"]
[Black "Anton Guijarro, David"]
[Result "0-1"]
[ECO "E20"]
[WhiteElo "2598"]
[BlackElo "2690"]
[Annotator "TA"]
[PlyCount "158"]
[EventDate "2023.05.21"]
[EventType "k.o."]
[EventCountry "NET"]
[SourceTitle "playchess.com"]
[Source "ChessBase"]
[SourceQuality "1"]
[TimeControl "900+3"]

1. d4 d5 2. c4 e6 3. Nc3 Nf6 4. Nf3 Bb4 5. g3 O-O 6. Bg2 dxc4 7. O-O Nc6 8. Qa4 Nd5 9. Qc2 Be7 10. Rd1 Ncb4 11. Qd2 Nb6 12. h4 Bd7 13. a3 (13. Ne5 $11 {should be considered.}) 13... N4d5 $15 14. e4 Nxc3 15. bxc3 Ba4 16. Re1 c5 17. Qf4 Bc2 18. Ra2 Bd3 19. a4 cxd4 20. Nxd4 Nd7 21. e5 Nc5 22. Ba3 Rb8 (22... Nxa4 $2 23. Bxe7 (23. Bxb7 Bxa3 24. Bxa8 Bc5 $14) 23... Qxe7 24. Rxa4 $18) 23. Nb5 Qd7 $2 (23... Nxa4 $2 24. Bxe7 (24. Nxa7 $2 {perishes.} Nxc3 25. Bxe7 Qxe7 $19) 24... Qxe7 25. Rxa4 $18) (23... a6 $15 {stays ahead.} 24. Nd6 Nxa4 25. Nxb7 (25. Bxb7 $2 {loses.} Nxc3 26. Rb2 Nb5 $19) 25... Rxb7 26. Bxe7 Qxe7 27. Rxa4 Rb3) 24. Nxa7 $2 (24. Qd4 $16 {is necessary to keep the advantage.} Qxd4 25. cxd4) 24... Qxa4 $17 25. Bxc5 Qxa2 26. Bxe7 Qxa7 27. h5 {[%emt 0:01:14][%cal Oh5h6] [#]} h6 28. g4 $2 {[%emt 0:00:02] [#]} (28. Bf6 $1 $11 {and White is okay.}) 28... Qa5 29. Bb4 {[%emt 0:00:04] [#]} Qd8 (29... Qa2 $142 $1 30. Bd6 Qb3 31. Bxb8 Rxb8) 30. Qg3 Re8 31. f4 $2 (31. Bd6 $17) 31... Ra8 $19 32. g5 Kh8 33. Qe3 Bf5 34. Bxb7 Ra2 35. Bd6 $2 (35. Bf3) 35... Rg8 36. Bf3 g6 37. Kh1 hxg5 38. fxg5 gxh5 39. Rg1 Bg6 40. Qd4 Kh7 41. Qxc4 Rf2 42. Bc6 Qa5 {[%emt 0:00:07] ...Rc8 would be deadly.} 43. Qd4 Qa2 44. Rg2 {[%emt 0:00:01] Inhibits Rh2+.} Rxg2 45. Bxg2 Rc8 46. Bb4 Qb1+ (46... Rc4 $142 47. Qe3 Rh4+ 48. Kg1 Qb1+ 49. Kf2 Be4 50. g6+ Kxg6) 47. Kh2 Qf5 {[%emt 0:00:00] Dodges Qf2} 48. Qe3 Rc4 {[%emt 0:00:03] Prevents Qd4} 49. Bh3 Qf4+ (49... Qc2+ $142 50. Bg2 Rh4+ 51. Kg1 Qb1+ 52. Kf2 Be4 53. g6+ Kxg6) 50. Qxf4 Rxf4 {[%emt 0:00:00][%mdl 4096] Endgame KRB-KB} 51. Bc5 Re4 52. Bd4 Re2+ 53. Kg3 Bf5 54. Bg2 Rc2 (54... h4+ $142 55. Kf3 Rc2) 55. Bf3 Kg6 56. Bd1 Rd2 57. Bf3 Rd3 {[%emt 0:00:04][%cal Of5e4] ( -> ...Be4!)} (57... Kxg5 $2 58. Be3+ Kg6 59. Bxd2 $18) 58. Kf4 {[%emt 0:00:09] Repels Be4} h4 {[%emt 0:00:02] Hoping for ...h3.} 59. Be2 Rd2 60. Ke3 Rc2 {[%emt 0:00:02][%cal Oh4h3] ...h3! is the strong threat.} 61. Bd1 Ra2 (61... h3 $142 62. Kf4 Rc1) 62. Kf4 Ra1 (62... h3 $142 63. Bf3 h2) 63. Be2 Re1 (63... Rc1 $142 64. Bb5 Rb1) 64. Bb5 Rb1 65. Be2 Rb2 (65... Rc1 $142 66. Bb5 h3) 66. Bf3 Rc2 67. Bc6 h3 68. Kg3 h2 (68... Kxg5 $142 69. Bh1 h2 70. Be3+ Kg6) 69. Bg2 Kxg5 70. Be3+ Kg6 71. Bd4 Kg7 72. Bf3 Rd2 73. Bg2 Kg8 74. Bh1 Rc2 75. Bg2 Kf8 (75... Bd3 $142 76. Kxh2 Be4 77. Kg3 Rxg2+ 78. Kf4 Bd5 79. Ke3 Kg7 80. Kd3 Kg6 81. Bc5 Kf5 82. Bd6 Rg3+ 83. Kd4 Rg4+ 84. Kc5 Rc4+ 85. Kb6 Rxc3 86. Ka7 Rc6 87. Kb8 f6 88. Ka7 Kf4 89. Bf8 fxe5 90. Bb4 e4 91. Bd2+ e3 92. Be1 Kf3 93. Bh4 e2 94. Be1 Rc1 95. Bd2 e1=Q 96. Bxe1 Rxe1 97. Kb8 Rc1 98. Ka7 Rb1 99. Ka6 Ke3 100. Ka5 e5 101. Ka6 Kd4 102. Ka7 Kc5 103. Ka6 Ra1#) 76. Bc6 Bd3 77. Bc5+ Kg8 78. Bd4 Bc4 79. Be4 {[%emt 0:00:08] [#]} Bd5 $1 0-1

[Event "ChessKid Cup Div-II 2023"]
[Site "Online"]
[Date "2023.05.22"]
[Round "1.4"]
[White "Rasulov, Vugar"]
[Black "Eljanov, Pavel"]
[Result "1/2-1/2"]
[ECO "D35"]
[WhiteElo "2523"]
[BlackElo "2705"]
[Annotator "TA"]
[PlyCount "132"]
[EventDate "2023.05.21"]
[EventType "k.o."]
[EventCountry "NET"]
[SourceTitle "playchess.com"]
[Source "ChessBase"]
[SourceQuality "1"]
[TimeControl "900+3"]

1. d4 Nf6 2. c4 e6 3. Nc3 d5 4. cxd5 exd5 5. Bg5 Be7 6. e3 h6 7. Bh4 Bg4 {[%emt 0:00:22] D35: Queen's Gambit Declined: Exchange Variation.} 8. Nf3 O-O 9. Bd3 Nbd7 10. h3 Be6 11. O-O c5 12. Rc1 {[%emt 0:00:14] [#]} Rc8 $146 ({Predecessor:} 12... cxd4 13. Nxd4 Rc8 14. Bb1 Qb6 15. Qe2 Ne5 16. Rfd1 Rfd8 17. f4 Nc6 18. f5 Bd7 19. Bxf6 Bxf6 20. Nxd5 Nxd4 21. exd4 {1-0 Rodriguez Gutierrez,B (2150)-Martin Campos,B (1876) Capablanca Memorial op 53rd 2018 (1)}) 13. dxc5 Nxc5 14. Nd4 Qb6 15. b3 Rfd8 16. Bb1 g5 17. Bg3 Nfe4 ({Black should try} 17... Nce4 $14 18. Nxe4 Nxe4) 18. Qh5 Bf8 19. Nxe4 Nxe4 20. Bxe4 (20. Be5 {with more complications.} Bd7 21. h4 Qg6 22. Qxg6+ fxg6 23. hxg5 hxg5 24. Rfd1) 20... dxe4 21. h4 g4 (21... Rd5 $1 $11 {keeps the balance.} 22. hxg5 hxg5) 22. Qe5 {[%emt 0:01:29] White is more active.} (22. Rxc8 $16 Rxc8 23. Qe5) 22... Rxc1 $14 23. Rxc1 Bg7 24. Qxe4 Bxd4 25. Bc7 {[%emt 0:01:17][%mdl 64] [#] Deflection} (25. exd4 {simplifies} Rxd4 26. Qe3 Qb4 27. Qe5) 25... Rc8 26. Qxd4 (26. exd4 $2 {loses.} Rxc7 27. Rxc7 Qxc7 $19) 26... Qxd4 (26... Rxc7 $2 27. Qd8+ Kh7 28. Rxc7 $18) 27. exd4 {[%emt 0:00:00][%mdl 4096] Endgame KRB-KRB} h5 28. Kh2 b6 29. Kg3 f6 30. Kf4 Bd5 31. f3 gxf3 {[%emt 0:00:05] The position is equal.} 32. gxf3 Kf7 33. Kg3 Ke6 34. Kf2 Kf5 35. Rc3 (35. Bf4 $5 Rxc1 36. Bxc1 $11) 35... Ke6 {[%emt 0:00:17] Hoping for ...Kd7.} 36. Rc1 Kd7 37. Bf4 Rxc1 38. Bxc1 $11 {[%emt 0:00:00] KB-KB} a5 39. Ke3 a4 40. bxa4 Bxa2 41. Kf4 Ke6 42. Bd2 Bb3 43. Bb4 Bxa4 44. d5+ {[%emt 0:00:02][%mdl 64] [#] Deflection} Kxd5 45. Kf5 Bd1 46. f4 Bg4+ 47. Kxf6 Ke4 48. Kg5 b5 49. Bd6 Be6 50. Ba3 Bf7 51. f5 Be8 52. Bb4 Bd7 53. f6 {[%emt 0:00:02][%cal Of6f7] f7! would kill now.} Be8 54. Bc3 Kd5 55. Kh6 Ke6 56. Kg7 Bf7 57. Kh7 Be8 58. Kg8 Bf7+ 59. Kg7 Be8 60. Bb2 b4 61. Ba1 b3 62. Bb2 Bf7 63. Kf8 Bg6 64. Kg7 Bf7 65. Bc3 (65. Kf8 $5) 65... Be8 66. Bb2 Bf7 {[%emt 0:00:00] Weighted Error Value: White=0.08 (flawless) /Black=0.08 (flawless)} 1/2-1/2

[Event "ChessKid Cup Div-II 2023"]
[Site "Online"]
[Date "2023.05.22"]
[Round "1.4"]
[White "Gharibyan, Mamikon"]
[Black "Sadhwani, Raunak"]
[Result "0-1"]
[ECO "D02"]
[WhiteElo "2500"]
[BlackElo "2627"]
[Annotator "TA"]
[PlyCount "52"]
[EventDate "2023.05.21"]
[EventType "k.o."]
[EventCountry "NET"]
[SourceTitle "playchess.com"]
[Source "ChessBase"]
[SourceQuality "1"]
[TimeControl "900+3"]

1. d4 Nf6 2. Nf3 d5 3. c3 e6 4. Bf4 Bd6 5. e3 O-O 6. Nbd2 {[%emt 0:00:01] D02: 1 d4 d5 2 Nf3 sidelines, including 2...Nf6 3 g3 and 2...Nf6 3 Bf4.} c5 7. Bg3 Qc7 8. dxc5 {[%emt 0:00:02] The position is equal.} Qxc5 9. Bd3 Nbd7 10. Qe2 Qc7 $5 {[%emt 0:00:05][%mdl 4] A promising side line.} 11. e4 {[%emt 0:00:07] [#] Strongly threatening e5.} dxe4 12. Nxe4 Nxe4 13. Qxe4 Nf6 14. Qe2 {[%emt 0:00:08] [#]} Rd8 $5 $146 {[%emt 0:00:00][%mdl 8] An interesting novelty.} ({Predecessor:} 14... b6 15. Rd1 Rd8 16. O-O Bb7 17. Ng5 h6 18. Ne4 Nxe4 19. Bxe4 Bxg3 20. hxg3 Rac8 {½-½ Schulze,M (2123)-Buckels,V (2304) GER-ch Net blitz sf 2021 (2)}) 15. O-O-O b6 16. Ne5 Bb7 17. Kb1 Bxg2 18. Rhg1 Bh3 19. Bf4 (19. Rge1 $15) 19... Bf5 $17 20. Bxf5 exf5 21. Rge1 $2 {[%emt 0:00:51] This move loses the game for White.} (21. Rxd6 $17 Rxd6 22. Nc4 {[%mdl 64] Pin} Rd1+ {[%mdl 64] Discovered Attack} 23. Rxd1 Qxf4 24. Qd2 Qe4+ 25. Kc1) 21... Re8 22. Qf3 Ne4 {[%emt 0:00:03] Dodges Bg3} ({Weaker is} 22... Bxe5 23. Bxe5 Qe7 24. Qxf5 $11) 23. Nd3 Bxf4 {[%emt 0:00:01][%mdl 64] Remove Defender} 24. Nxf4 {[%emt 0:00:01] [#]} Nd2+ $1 {[%emt 0:00:05][%mdl 576] Deflection. Black is clearly winning.} 25. Rxd2 {[%emt 0:00:11] Black must now prevent Rde2.} Rxe1+ 26. Kc2 Rae8 {[%emt 0:00:05] Weighted Error Value: White=0.37/Black=0.09 (flawless)} 0-1

[Event "ChessKid Cup Div-II 2023"]
[Site "Online"]
[Date "2023.05.22"]
[Round "1.5"]
[White "Fedoseev, Vladimir"]
[Black "Mamedyarov, Shakhriyar"]
[Result "1-0"]
[ECO "A17"]
[WhiteElo "2680"]
[BlackElo "2738"]
[Annotator "TA"]
[PlyCount "79"]
[EventDate "2023.05.21"]
[EventType "k.o."]
[EventCountry "NET"]
[SourceTitle "playchess.com"]
[Source "ChessBase"]
[SourceQuality "1"]
[TimeControl "900+3"]

1. Nf3 Nf6 2. c4 e6 3. g3 d5 4. Bg2 Be7 5. O-O O-O 6. d3 b6 7. cxd5 exd5 8. d4 c5 9. Nc3 Nc6 10. Bf4 Bb7 11. Rc1 {[%emt 0:00:08] A17: English Opening: 1...Nf6 with ...Bb4.} cxd4 12. Nxd4 Nxd4 13. Qxd4 {[%emt 0:00:03] White is slightly better.} Bc5 14. Qd3 {[%emt 0:00:04] [#] White is much more active. The black rooks are badly placed.} Qe7 $146 ({Predecessor:} 14... Qd7 15. Rfd1 Rfd8 16. Bg5 Be7 17. Rd2 Ne4 18. Nxe4 dxe4 19. Qxd7 Rxd7 20. Rxd7 Bxg5 21. Rcc7 Bc8 22. Bxe4 Bxd7 23. Bxa8 Be6 24. Bd5 Kf8 25. Bxe6 fxe6 26. Rxa7 {1-0 Pohl,M-Rausch,R Berlin-ch U14 1999 (5)}) 15. Bg5 ({Much weaker is} 15. Bxd5 $6 Nxd5 16. Nxd5 Bxd5 17. Qxd5 Qxe2 $11) (15. Nxd5 $6 Bxd5 16. Bxd5 Nxd5 17. Qxd5 Qxe2 $11) 15... Rad8 16. a3 d4 17. Bxf6 Qxf6 18. Ne4 Bxe4 19. Bxe4 ({But not} 19. Qxe4 d3 20. exd3 Qxb2 $17) 19... g6 {[%emt 0:00:03] Black is weak on the light squares} 20. b4 Bd6 21. Rc6 Rc8 22. Rfc1 Rxc6 23. Rxc6 Rd8 24. Qc4 Qe7 25. Bd3 ({Don't play} 25. Qxd4 Bxg3 26. Qf6 Rd1+ 27. Kg2 Qxe4+ $17) 25... Be5 26. a4 Rd6 27. b5 Rxc6 28. bxc6 $11 {[%emt 0:00:04][%mdl 4096] Endgame KQB-KQB} Qc5 29. Qa6 (29. Qb5 $142) 29... Qc1+ 30. Kg2 {[%emt 0:00:09] [#] Bc4 would be deadly.} Qxc6+ 31. f3 h5 32. Qxa7 h4 33. Bb5 Qc7 34. Qa8+ Qb8 35. Qd5 hxg3 36. Bc4 Qc7 37. hxg3 Kg7 38. f4 Bf6 39. Kf1 Qd8 $2 {[%emt 0:00:35][%mdl 8192] [#]} (39... Qe7 $11) 40. Qxf7+ {[%emt 0:00:06] Weighted Error Value: White=0.07 (flawless) /Black=0.27 (precise)} 1-0

[Event "ChessKid Cup Div-II 2023"]
[Site "Online"]
[Date "2023.05.22"]
[Round "1.5"]
[White "Nguyen, Ngoc Truong Son"]
[Black "Andreikin, Dmitry"]
[Result "1-0"]
[ECO "D27"]
[WhiteElo "2645"]
[BlackElo "2729"]
[Annotator "TA"]
[PlyCount "83"]
[EventDate "2023.05.21"]
[EventType "k.o."]
[EventCountry "NET"]
[SourceTitle "playchess.com"]
[Source "ChessBase"]
[SourceQuality "1"]
[TimeControl "900+3"]

1. d4 d5 2. c4 dxc4 3. e3 Nf6 4. Bxc4 e6 5. Nf3 c5 6. O-O a6 7. dxc5 Qxd1 8. Rxd1 Bxc5 9. Nfd2 {[%emt 0:00:07] 9.b3 is a critical line. D27: Queen's Gambit Accepted: Classical main line: 7 e4!? and 7 a4.} Nbd7 10. Be2 {[%emt 0:00:09] [#]} b5 $146 ({Predecessor:} 10... b6 11. Nb3 Be7 12. f3 Nc5 13. Nd4 Bb7 14. e4 O-O 15. Be3 b5 16. Nc3 g6 17. Rac1 {½-½ Grischuk,A (2783)-Navara,D (2737) FIDE World Cup 2017 (3.1)}) 11. Nb3 {[%emt 0:00:08] White is slightly better.} Bb6 12. Bd2 Bb7 13. Ba5 Rc8 14. Nc3 Nd5 15. Bf3 O-O 16. Bxd5 Bxd5 17. Nxd5 exd5 18. Bb4 Rfe8 19. Rxd5 Ne5 20. Bc3 Nc4 21. h4 h6 22. a4 Red8 23. Rxd8+ Rxd8 24. Kf1 Rb8 25. axb5 axb5 26. Nd2 Nxd2+ 27. Bxd2 $16 {[%emt 0:00:03][%mdl 4096] Endgame KRB-KRB} Bd8 28. h5 Bf6 29. Ra2 Rd8 (29... b4 $16 {was called for.}) 30. Ke2 $18 Rd5 {[%emt 0:00:08] [#]} 31. g4 $1 Bh4 32. e4 Rc5 33. f3 Bg5 $2 (33... Rc2 {might work better.}) 34. f4 Bh4 35. b4 Rc4 36. Kd3 Be7 $2 {[%emt 0:00:05] [#]} (36... Rc8 {keeps fighting.} 37. e5 Rd8+ 38. Ke3 Kf8) 37. Ra8+ Kh7 38. Rb8 Bxb4 39. Rxb5 Bxd2 (39... Rxe4 $18 40. Rxb4 Re7) 40. Kxc4 {[%emt 0:00:03] White mates.} Bxf4 41. Rf5 Bg3 42. Rxf7 {[%emt 0:00:05] Black got outplayed after the opening.   Weighted Error Value: White=0.08 (flawless) /Black=0.40} 1-0